Map: King Sejong Station LE

Players

blackxored - Winner!

  • Race: Zerg Zerg
  • League: Platinum

Luvutoo

  • Race: Terran Terran
  • League: Gold

VOD

Have the link to the VOD?

Description

Time

  • Played on: June 30, 2016, 3:21 a.m.
  • Length: 20:03
Show
View Real Time Build Order
Export as new Build Order

blackxored Zerg - Winner!

Build Orders: Hatch First, Muta Ling Bane 

Get SALT Encoding   

  12  0:01  Drone  
  13  0:12  Drone  
  14  0:21  Overlord  
  14  0:26  Extractor, Drone  
  15  0:40  Drone x2  
  17  0:56  Hatchery  
  16  1:00  Drone  
  16  1:03  Drone  
  18  1:18  Extractor  
  17  1:20  Spawning Pool  
  17  1:21  Drone  
  17  1:22  Drone  
  18  1:33  Drone  
  19  1:40  Overlord  
  19  1:51  Drone  
  20  2:08  Zergling x2, Queen  
  21  2:09  Queen  
  21  2:10  Zergling x2  
  21  2:12  Drone  
  27  2:18  Metabolic Boost  
  27  2:25  Drone x2  
  29  2:36  Zergling x4  
  31  2:45  Overlord  
  31  2:52  Hatchery  
  31  2:53  Drone x2  
  32  3:05  Drone x3  
  35  3:06  Pneumatized Carapace  
  35  3:13  Overlord  
  35  3:18  Queen  
  37  3:24  Drone x2  
  39  3:33  Drone x3  
  42  3:34  Drone  
  42  3:37  Drone  
  42  3:40  Overlord  
  44  3:53  Queen  
  44  3:54  Queen  
  48  4:13  Zergling x6  
  48  4:14  Zergling x10  
  48  4:16  Queen  
  58  4:30  Drone  
  59  4:37  Zergling x10  
  59  4:38  Zergling x4  
  66  4:39  Overlord x3  
  66  5:05  Overlord  
  66  5:11  Drone x12  
  78  5:16  Drone  
  78  5:18  Baneling Nest  
  78  5:23  Drone  
  78  5:24  Drone  
  79  5:41  Zergling x14  
  79  5:42  Zergling x8  
  88  6:00  Drone x5  
  92  6:09  Spore Crawler  
  91  6:14  Lair  
  89  6:21  Baneling x3  
  89  6:29  Drone x7  
  89  6:30  Drone x2  
  97  6:43  Drone  
  98  6:48  Extractor  
  98  6:50  Extractor  
  98  6:51  Drone x2  
  98  6:52  Extractor  
  98  6:53  Drone x2, Evolution Chamber x2  
  97  6:58  Drone  
  98  7:04  Extractor  
  98  7:07  Extractor  
  98  7:08  Hatchery  
  95  7:11  Centrifical Hooks  
  95  7:15  Drone x3  
  97  7:18  Spire, Drone  
  97  7:21  Overlord x4  
  98  7:25  Hatchery  
  97  7:34  Overlord  
  97  7:35  Overlord x2  
  96  7:39  Queen  
  96  7:41  Zerg Melee Weapons Level 1  
  96  7:42  Zerg Ground Armor Level 1  
  98  7:45  Drone x3  
  98  7:47  Drone x2  
  98  7:49  Zergling x8  
  107  8:03  Zergling x2  
  107  8:04  Zergling x16  
  116  8:09  Baneling x10  
  116  8:10  Baneling x4  
  116  8:23  Zergling x12  
  122  8:27  Queen  
  124  8:37  Zerg Flyer Weapons Level 1  
  124  8:46  Zergling x2  
  124  8:47  Zergling x24  
  122  8:55  Mutalisk x2  
  122  8:56  Mutalisk x2  
  130  9:04  Drone  
  130  9:05  Mutalisk x2  
  130  9:06  Mutalisk x2  
  130  9:09  Overseer  
  139  9:16  Hatchery  
  138  9:23  Drone x4  
  138  9:24  Drone x10  
  152  9:36  Drone x4  
  156  9:38  Extractor  
  156  9:39  Zerg Ground Armor Level 2, Zerg Melee Weapons Level 2  
  156  9:41  Extractor  
  156  9:43  Infestation Pit  
  153  9:48  Corruptor  
  153  9:50  Overlord  
  153  9:51  Overlord x3  
  153  9:52  Zergling x6  
  158  9:53  Zergling x8  
  162  10:06  Zergling x6  
  165  10:25  Hive  
  164  10:36  Queen  
  164  10:42  Zerg Flyer Armor Level 1  
  166  10:45  Mutalisk x5  
  166  10:46  Mutalisk x2  
  180  10:50  Overlord  
  180  10:59  Extractor  
  180  11:01  Extractor  
  178  11:08  Drone x13  
  178  11:09  Drone x2  
  193  11:21  Baneling x8  
  193  11:22  Baneling x5  
  193  11:37  Baneling x5  
  193  11:38  Baneling  
  183  11:57  Zerg Melee Weapons Level 3, Zerg Ground Armor Level 3  
  183  11:58  Adrenal Glands  
  183  12:00  Ultralisk Cavern  
  182  12:02  Queen  
  184  12:13  Mutalisk x3  
  184  12:14  Mutalisk x4  
  198  12:22  Hatchery  
  197  12:45  Zergling x6  
  200  12:58  Chitinous Plating  
  184  13:46  Ultralisk  
  184  13:47  Ultralisk x2  
  190  14:12  Mutalisk  
  190  14:16  Extractor  
  191  14:22  Extractor  
  174  14:29  Ultralisk x4  
  174  14:30  Zergling x2, Ultralisk  
  174  14:31  Zergling x16  
  196  14:48  Ultralisk x3  
  185  14:55  Zergling x26  
  185  14:56  Zergling x20  
  192  15:04  Zergling x32  
  192  15:05  Zergling x4  
  200  15:12  Corruptor  
  197  16:00  Ultralisk  
  196  16:05  Drone x3  
  196  16:07  Drone  
  184  16:20  Corruptor x6  
  184  16:21  Corruptor x2  
  200  16:31  Zerg Flyer Armor Level 2  
  198  16:41  Mutalisk  
  199  17:04  Extractor, Hatchery  
  199  17:08  Extractor  
  193  17:33  Baneling  
  193  17:34  Baneling x6  
  190  17:43  Ultralisk x2  
  195  17:45  Zergling x10  
  200  18:09  Spire  
  199  18:49  Greater Spire  
  199  19:06  Drone x5  
  199  19:07  Drone  
Show
View Real Time Build Order
Export as new Build Order

Luvutoo Terran 

Build Orders: Bio Tank 

Get SALT Encoding   

  12  0:00  SCV  
  13  0:12  SCV  
  14  0:17  Supply Depot  
  14  0:25  SCV  
  15  0:32  Refinery  
  15  0:39  SCV  
  16  0:47  Barracks  
  16  0:51  SCV  
  17  1:03  SCV  
  18  1:15  SCV  
  19  1:33  Orbital Command  
  19  1:42  Barracks Reactor  
  19  1:49  Command Center  
  19  2:03  SCV  
  19  2:04  Supply Depot  
  20  2:18  SCV  
  20  2:22  Marine x2  
  22  2:23  Factory  
  23  2:30  Bunker  
  23  2:32  SCV  
  24  2:37  Refinery  
  24  2:41  Marine x2  
  26  2:44  SCV  
  27  2:53  Supply Depot  
  27  2:56  SCV  
  28  3:01  Marine x2  
  28  3:05  Orbital Command  
  30  3:12  SCV  
  31  3:19  Starport  
  31  3:22  Factory Reactor  
  31  3:31  Supply Depot, SCV  
  31  3:32  SCV  
  33  3:42  Marine x2  
  33  3:46  SCV  
  33  3:48  SCV  
  37  3:54  Supply Depot  
  37  3:58  SCV  
  37  4:00  SCV  
  39  4:07  Medivac x2, Widow Mine  
  45  4:10  Marine x2  
  45  4:15  Barracks  
  47  4:22  SCV x2  
  49  4:29  Supply Depot, Marine  
  49  4:30  Marine  
  51  4:38  SCV x2  
  51  4:40  Command Center  
  51  4:41  Factory Tech Lab  
  53  4:49  Marine x2  
  53  4:51  SCV x2  
  57  5:01  Siege Tank  
  57  5:03  Barracks Tech Lab, SCV x2  
  57  5:06  Barracks  
  62  5:08  Engineering Bay  
  62  5:15  Marine x2, SCV  
  62  5:16  Medivac, SCV  
  62  5:37  Marine  
  62  5:38  Marine x2, Stimpack  
  62  5:40  Siege Tank  
  68  5:47  Terran Infantry Weapons Level 1  
  68  5:54  Engineering Bay  
  68  6:06  Marine x2  
  68  6:07  Barracks Reactor  
  68  6:08  Orbital Command  
  68  6:09  Medivac, Barracks  
  72  6:12  Refinery  
  72  6:13  Refinery  
  71  6:38  Siege Tank  
  72  6:40  SCV x2  
  72  6:43  Orbital Command  
  74  6:50  Marine x4  
  74  6:51  Marine, Terran Infantry Armor Level 1  
  74  6:52  SCV  
  74  6:53  SCV  
  81  6:56  Missile Turret  
  81  6:57  Armory  
  81  7:03  Barracks Reactor, Missile Turret  
  81  7:04  SCV  
  81  7:05  SCV  
  81  7:07  Barracks  
  83  7:25  Marine x2  
  83  7:28  Medivac, Siege Tank  
  90  7:32  Barracks  
  90  7:41  SCV x2  
  92  7:51  SCV  
  93  7:56  Supply Depot  
  93  7:57  Supply Depot, Refinery  
  93  7:58  Supply Depot  
  93  7:59  Bunker  
  93  8:00  Supply Depot  
  93  8:01  Refinery, Barracks  
  93  8:02  Barracks  
  93  8:18  Marine x6, SCV x2, Combat Shields  
  93  8:19  Marine, SCV  
  103  8:23  Barracks  
  103  8:30  SCV x2  
  103  8:33  Supply Depot, SCV  
  106  8:36  Marine x5  
  106  8:37  Marine  
  112  8:42  SCV x2  
  112  8:45  SCV  
  97  8:54  Barracks Tech Lab, SCV  
  98  8:55  Barracks Reactor  
  98  8:56  Barracks Reactor  
  98  8:57  Medivac x2  
  98  9:01  Infernal Pre-Igniter  
  98  9:02  Barracks Reactor  
  102  9:03  Marine x7  
  102  9:07  SCV x3  
  112  9:14  Barracks Tech Lab  
  112  9:16  Siege Tank  
  115  9:19  SCV x2, Terran Infantry Weapons Level 2  
  115  9:20  Factory, Terran Infantry Armor Level 2, Marine  
  115  9:21  Marine x5  
  115  9:23  Terran Vehicle Weapons Level 1  
  123  9:24  SCV  
  125  9:31  SCV  
  125  9:35  Supply Depot, Liberator, Concussive Shells  
  125  9:37  Supply Depot  
  125  9:39  Liberator  
  125  9:51  Siege Tank  
  134  10:01  Supply Depot  
  134  10:04  Supply Depot  
  134  10:06  Supply Depot  
  134  10:09  Supply Depot, SCV x2  
  134  10:10  SCV  
  137  10:17  Liberator  
  137  10:18  Command Center  
  137  10:22  Liberator  
  137  10:24  Factory Tech Lab  
  137  10:27  Hellbat  
  139  10:32  Fusion Core  
  145  10:48  Siege Tank  
  145  10:49  Siege Tank  
  151  10:50  Marauder x2  
  151  10:51  Marine x2  
  151  10:52  Marine x4  
  151  10:53  Marine x2  
  151  10:54  Marine x2  
  151  10:55  Marine x2  
  167  11:00  Liberator  
  167  11:05  Liberator  
  170  11:22  Starport  
  144  12:08  Missile Turret  
  144  12:09  Missile Turret x2  
  144  12:10  Missile Turret  
  144  12:14  Missile Turret  
  144  12:15  Terran Infantry Weapons Level 3, Terran Infantry Armor Level 3, Missile Turret  
  144  12:18  Missile Turret  
  144  12:29  Starport Tech Lab  
  144  12:30  Terran Vehicle Weapons Level 2  
  144  12:33  Liberator x2  
  144  12:35  Missile Turret x2  
  144  12:37  Missile Turret  
  144  12:38  Missile Turret  
  144  12:48  Missile Turret  
  150  12:57  Marine x12  
  150  12:58  Marine x2  
  164  12:59  Planetary Fortress  
  164  13:01  Missile Turret  
  164  13:04  Missile Turret  
  164  13:06  Missile Turret  
  164  13:14  Marine  
  164  13:15  Marine x5  
  164  13:16  Liberator  
  170  13:22  Marine x2  
  170  13:23  Marine x3  
  170  13:27  SCV x3  
  177  13:29  Refinery  
  177  13:30  Refinery  
  177  13:32  Bunker  
  178  13:40  Marine  
  144  14:25  Marine  
  140  14:42  Liberator x2  
  140  14:43  Liberator  
  107  14:55  Marine x3  
  107  14:56  Marine x2  
  107  14:57  Hi-Sec Auto Tracking  
  107  14:58  Marine  
  107  14:59  Marauder x2  
  111  15:00  Advanced Ballistics  
  111  15:03  Marine  
  111  15:04  Thor  
  111  15:05  Thor  
  111  15:06  Marine x4  
  111  15:07  Marine  
  131  15:13  Marine x5  
  134  15:28  Missile Turret  
  133  15:36  Command Center  
  133  15:37  Marine  
  133  15:38  Marauder x2  
  133  15:59  Marauder  
  118  16:13  Marine x6  
  118  16:14  Marine x7  
  125  16:20  Marine  
  125  16:22  Liberator  
  126  16:31  Marine x13  
  139  16:37  Siege Tank  
  139  16:38  Marine, Siege Tank  
  149  16:48  Marine  
  149  16:49  Marine x7  
  149  16:50  Marauder  
  133  17:56  Siege Tank x2  
  139  18:11  Command Center  
  139  18:31  Siege Tank x2  
  139  18:32  Medivac x2  
  139  18:33  Medivac  
  152  18:34  Marauder x2  
  154  18:44  Barracks Tech Lab  
  154  18:46  Barracks Tech Lab  
  154  18:50  Barracks Tech Lab  
  140  19:13  Marauder x5  
Tags
 
Add a new tag
Caveats
  • Supply blocks, unpowered buildings, or Contaminate may cause inaccurate times.
  • Supply counts are checked every 10 seconds.